 Dungeon Crawl Stone Soup version 0.31.0-11-ge490571c62 (webtiles) character file.

Game seed: 184766375834570582

810 mopl the Ruffian (level 8, -1/57 HPs)
             Began as a Djinni Shapeshifter on Feb 10, 2024.
             Was a Believer of Uskayaw.
             Slain by a gnoll
             ... wielding a +4 flail of protection
              (14 damage)
             ... on level 4 of the Dungeon.
             The game lasted 00:04:04 (3052 turns).

mopl the Ruffian (Djinni Shapeshifter)              Turns: 3052, Time: 00:04:04

Health: -1/57      AC:  2    Str: 15    XL:     8   Next: 15%
Gold:   184        EV: 12    Int: 11    God:    Uskayaw [**....] SH:  0 Dex: 14

rFire   + +          +
                       - Unarmed
rCold   . . .        (no shield)
rNeg    . . .        o - +0 robe {rC+ rF+}
rPois   ∞            (helmet currently unavailable)
rElec   .            (cloak currently unavailable)
rCorr   .            (gloves currently unavailable)
SInv    .            (boots unavailable)
Will    .....        (no amulet)
Stlth   +            (no ring)
HPRegen 0.29/turn    (no ring)
MPRegen 0.00/turn

%: infuse magic (-2 HP)
@: beast-form, flying
A: beast (slay +2), flying, sickness immunity, fire resistance 2, cold
vulnerability 1, float, innate caster, HP casting, extra vitality 1
a: Begin Untransformation, Renounce Religion, Stomp, Line Pass


You were on level 4 of the Dungeon.
You worshipped Uskayaw.
Uskayaw was noncommittal.
You were a hulking beast.
You visited 2 branches of the dungeon, and saw 6 of its levels.

You collected 184 gold pieces.

Inventory:

Missiles
 l - 6 curare-tipped darts
 m - 2 boomerangs (quivered)
Armour
 a - a +0 helmet
 o - a +0 robe of resistance (worn)
Talismans
 c - a beast talisman
 d - a flux talisman
Wands
 r - a wand of light (11)
Scrolls
 e - 3 scrolls of enchant armour {unknown}
 h - a scroll of revelation {unknown}
 n - 3 scrolls of poison {unknown}
 p - a scroll of vulnerability {unknown}
Potions
 b - a potion of lignification
 f - a potion of berserk rage
 g - 2 potions of curing {unknown}
 i - a potion of heal wounds
 j - 2 potions of might {unknown}
 k - a potion of enlightenment
 q - a potion of resistance {unknown}
 s - a potion of attraction {unknown}
 t - a potion of haste {unknown}


   Skills:
 + Level 3.6 Fighting
 - Level 2.1 Dodging
 * Level 6.0 Unarmed Combat
 + Level 2.1 Invocations
 * Level 5.1 Shapeshifting


You knew the following spells:

 Your Spells              Type           Power      Damage    Failure   Level
a - Slow                  Hex            0%         N/A       34%         1
b - Searing Ray           Conj           0%         2d4       47%         2
c - Passwall              Erth           0%         N/A       71%         3
Your spell library was empty.

Dungeon Overview and Level Annotations

Branches:
Dungeon (5/15)             Temple (1/1) D:4

Altars:
Ashenzari
Cheibriados
Dithmenos
Elyvilon
Fedhas
Gozag
Hepliaklqana
Makhleb
Nemelex Xobeh
Okawaru
Qazlal
Ru
Trog
Uskayaw
Wu Jian
Xom
Yredelemnul
Zin


Innate Abilities, Weirdness & Mutations

You are a hulking beast.
Your limbs bulge with bestial killing power. (Slay +2)
You are flying.
You are immune to sickness and miasma.
You are immune to poison.
Your flesh is very heat resistant. (rF++)
You are vulnerable to cold. (rC-)
You float through the air rather than walking.
You learn spells naturally, not from books.
Your magical power is your life essence.
You have superior vitality. (+4 MHP)


Message History

You fly downwards.
The phantom hits you! The gnoll barely misses you.
The gnoll closely misses you. The phantom hits you!
There is a stone staircase leading up here.
The gnoll hits you from afar with a +0 spear.
The gnoll hits you with a +4 flail of protection!
The phantom barely misses you.
You fly upwards.
There is a stone staircase leading down here.
The phantom attacks as it pursues you! The phantom closely misses you.
The gnoll misses you.
You hit the phantom.
The phantom is moderately damaged.
The phantom hits you.
The phantom blinks!
You blink.
You punch the phantom!
The phantom is heavily damaged.
The phantom hits you.
The phantom blinks!
You blink.
You can now pass through a line of other dancers.
You hit the phantom.
The phantom is severely damaged.
The phantom completely misses you.
You hit the phantom. Your punch misses the phantom.
The phantom is almost destroyed.
The phantom hits you but does no damage.
You closely miss the phantom.
The phantom is almost destroyed.
The phantom hits you.
The phantom blinks!
You blink.
You barely miss the phantom.
The phantom is almost destroyed.
The phantom hits you.
* * * LOW HITPOINT WARNING * * *
The phantom blinks!
You blink.
You closely miss the phantom.
The phantom is almost destroyed.
The phantom closely misses you.
You punch the phantom!
You destroy the phantom!
Your Unarmed Combat skill increases to level 6!
You hit the gnoll but do no damage.
The gnoll hits you with a +4 flail of protection!
You die...

.......#........#
.#.#...#.#.####.#######
.........#.####.#.....######
.#.#...#.#.#...............#
...............>..###.######
.#.#...#.#.§.#....# #.#
..................# #.#
.#.#.............## #.#
...........§##.gh# #.#
.#..........##...# #.#
.#..#...#...##...# #.#
.#......#...##...# #.#
.##.#...#...##...####.#
......................#
###.#.......##...####.# #
#........###...# #.#
###..............# #.#


You could see a gnoll.

Vanquished Creatures
  Sigmund (D:3)
  A water moccasin (D:5)
  A black bear (D:4)
  A phantom (D:4)
  A scorpion (D:5)
  2 hounds (D:5)
  A jelly (D:4)
  A sleepcap (D:5)
  2 iguanas
  An orc wizard (D:3)
  3 gnolls (D:5)
  5 adders
  4 dart slugs
  2 ribbon worms
  4 orcs (D:3)
  8 ball pythons
  4 endoplasms
  A giant cockroach (D:3)
  3 goblins
  3 hobgoblins
  4 quokkas
  6 bats
  A frilled lizard (D:1)
  2 kobolds (D:1)
  7 rats
69 creatures vanquished.

Notes
Turn   | Place    | Note
-------+----------+-------------------------------------------
     0 | D:1      | mopl the Djinni Shapeshifter began the quest for the Orb.
     0 | D:1      | Reached XP level 1. HP: 17/17 MP: 0/0
   185 | D:1      | Reached XP level 2. HP: 22/22 MP: 0/0
   301 | D:1      | Reached XP level 3. HP: 27/27 MP: 0/0
   301 | D:1      | Learned a level 1 spell: Slow
   667 | D:2      | Reached XP level 4. HP: 11/33 MP: 0/0
  1242 | D:3      | Reached skill level 4 in Unarmed Combat
  1285 | D:3      | Reached XP level 5. HP: 35/38 MP: 0/0
  1285 | D:3      | Learned a level 2 spell: Searing Ray
  1296 | D:3      | Noticed Sigmund
  1318 | D:3      | Killed Sigmund
  1319 | D:3      | Reached XP level 6. HP: 43/45 MP: 0/0
  1391 | D:3      | Found a shadowy altar of Dithmenos.
  1654 | D:4      | Found a staircase to the Ecumenical Temple.
  1694 | Temple   | Entered the Ecumenical Temple
  1700 | Temple   | Became a worshipper of Uskayaw the Reveller
  1723 | D:4      | Reached * piety under Uskayaw
  1742 | D:4      | Reached ** piety under Uskayaw
  2133 | D:4      | Noticed a black bear
  2142 | D:4      | Killed a black bear
  2142 | D:4      | Reached *** piety under Uskayaw
  2143 | D:4      | Reached skill level 5 in Unarmed Combat
  2143 | D:4      | Reached XP level 7. HP: 11/49 MP: 0/0
  2143 | D:4      | Learned a level 3 spell: Passwall
  2305 | D:4      | Reached skill level 1 in Invocations
  2681 | D:5      | Entered Level 5 of the Dungeon
  2843 | D:5      | Noticed a water moccasin
  2851 | D:5      | Reached **** piety under Uskayaw
  2854 | D:5      | Killed a water moccasin
  2858 | D:5      | Reached ***** piety under Uskayaw
  2861 | D:5      | Reached XP level 8. HP: 15/56 MP: 0/0
  2863 | D:5      | Reached skill level 5 in Shapeshifting
  3052 | D:4      | Reached skill level 6 in Unarmed Combat
  3052 | D:4      | Slain by a gnoll

Illustrated notes

Levels and vault maps discovered:
D:1:      tarquinn_simple_flora_water_b, layout_basic
D:2:      layout_basic
D:3:      layout_loops_ring, grunt_dithmenos_smoke, kennysheep_generic_room_3,
          uniq_sigmund
D:4:      layout_basic, minmay_temple_entry_trees
D:5:      layout_basic, minmay_stone_trees_small, saegor_snake_ambush
Temple:   nicolae_temple_bog_church

Skill      XL: |  1  2  3  4  5  6  7  8 |
---------------+-------------------------+-----
Shapeshifting  | 3 4 5 |  5.1
Fighting       | 2 3 |  3.6
Unarmed Combat | 4 5 6 |  6.0
Invocations    | 1 2 |  2.1
Dodging        | |  2.1

Action                     |  1- 3 |  4- 6 |  7- 9 || total
---------------------------+-------+-------+-------++-------
  Melee: Unarmed           |    81 |    85 |    47 ||   213
         Punch             |       |     2 |     1 ||     3
  Throw: Boomerang         |       |     4 |     6 ||    10
         Dart              |       |     1 |       ||     1
 Invoke: Line Pass         |       |       |     1 ||     1
  Evoke: Wand              |       |       |     2 ||     2
    Use: Scroll            |       |     6 |       ||     6
   Stab: Invisible         |       |       |     1 ||     1
         Paralysed         |       |       |     1 ||     1
 Armour: Ring mail         |    54 |    30 |       ||    84
         Robe              |       |    23 |    32 ||    55
  Dodge: Dodged            |    47 |    29 |    46 ||   122
